 Dungeon Crawl Stone Soup version 0.20-a0-647-gf178af5 (console) character file.

3357 nht the Cleaver (level 10, 0/69 (70) HPs)
             Began as a Formicid Fighter on Feb 15, 2017.
             Was a Believer of Yredelemnul.
             Slain by a gnoll (5 damage)
             ... on level 11 of the Dungeon.
             The game lasted 00:13:27 (5960 turns).

nht the Cleaver (Formicid Fighter)                  Turns: 5960, Time: 00:13:28

HP:   0/69 (70)     AC:  9    Str: 25    XL:     10   Next: 23%
MP:   13/13         EV:  8    Int:  7    God:    Yredelemnul [**....]
Gold: 396           SH: 10    Dex: 10    Spells: 9/9 levels left

rFire    + + .     SeeInvis +   a - +1 war axe
rCold    . . .     Gourm    .   r - +2 ring mail {rF+}
rNeg     . . .     Faith    .   c - +1 shield
rPois    .         Spirit   .   (helmet unavailable)
rElec    .         Reflect  .   g - +1 cloak {MR+}
rCorr    .         Harm     .   (no gloves)
MR       ++...                  (no boots)
Stlth    +.........             (no amulet)
Regen    0.3/turn               q - ring of protection from fire
MPRegen  0.2/turn               e - ring of stealth

@: drained
A: permanent stasis, dig shafts and tunnels, four strong arms, antennae 3, beak,
sense surroundings 1, evolution 1
a: Dig, Shaft Self, Animate Remains, Recall Undead Slaves, Injury Mirror,
Renounce Religion


You were on level 11 of the Dungeon.
You worshipped Yredelemnul.
Yredelemnul was pleased with you.
You were very hungry.

You visited 2 branches of the dungeon, and saw 11 of its levels.

You collected 396 gold pieces.

Inventory:

Hand Weapons
 a - a +1 war axe (weapon)
 v - the +9 falchion "Gini" {slice, rN++ MR-, unknown}
   (You found it on level 7 of the Dungeon)

   It inflicts extra damage upon your enemies.
   It greatly protects you from negative energy.
   It affects your resistance to hostile enchantments.
Missiles
 s - 4 throwing nets (quivered)
Armour
 c - a +1 shield (worn)
 g - a +1 cloak of magic resistance (worn)
 r - a +2 ring mail of fire resistance (worn)
Jewellery
 e - a ring of stealth (left hand)
 q - a ring of protection from fire (right hand)
Wands
 u - a wand of random effects (11/48)
Scrolls
 b - a scroll of enchant armour
 k - 2 scrolls of amnesia
 n - 4 scrolls of magic mapping
 o - 3 scrolls of enchant weapon
 p - 4 scrolls of remove curse
 t - a scroll of identify
Potions
 m - a potion of curing
 w - a potion of invisibility
Comestibles
 d - 3 fruits
 f - 7 bread rations
 i - 6 royal jellies
 l - 7 meat rations


   Skills:
 - Level 3.2(3.0) Fighting
 * Level 12.9(12.5) Axes
 - Level 3.2(3.0) Armour
 - Level 3.6(3.3) Shields
 + Level 5.0(4.7) Invocations


You had 9 spell levels left.
You didn't know any spells.

Dungeon Overview and Level Annotations

Branches:
Dungeon (11/15)            Temple (1/1) D:5            Lair (0/6) D:8
    Orc: D:9-12

Altars:
Ashenzari
Dithmenos
Elyvilon
Fedhas
Gozag
Hepliaklqana
Kikubaaqudgha
Makhleb
Nemelex Xobeh
Okawaru
Qazlal
Ru
Sif Muna
Trog
Uskayaw
Vehumet
Xom
Yredelemnul
Zin
The Shining One

Shops:
D:7 !

Annotations:
D:11 nikopol's ghost, journeyman GrBe


Innate Abilities, Weirdness & Mutations

You cannot be hasted, slowed, berserked, paralysed or teleported.
You can dig through walls and to a lower floor.
Your four strong arms can wield two-handed weapons with a shield.
You have a pair of large antennae on your head. (SInv)
You have a beak for a mouth.
You passively map a small area around you.
You evolve.


Message History

You block the wight's attack.
You begin to dig a shaft.
You continue digging a shaft.
The warg bites you!
* * * LOW HITPOINT WARNING * * *
The warg barely misses you.
The wight hits you from afar with a halberd.
* * * LOW HITPOINT WARNING * * *
You feel drained.
* * * LOW HITPOINT WARNING * * *
You block the warg's attack. A shaft appears beneath you!
You fall through a shaft!
The shaft crumbles and collapses.
Level annotation: nikopol's ghost, journeyman GrBe The kobold hits you but does no damage.
You block the kobold's attack. The kobold hits you with a short sword.
* * * LOW HITPOINT WARNING * * *
The gnoll hits you.
You die...
Your body rises from the dead as a mindless zombie.

█...██....█
█..█.K█g..█
█..█..█.K.█
█...█.█...█
█.....█K..█
█.....█...█
█.....█...█
█..K..█%..█
█.@gKa█...█
█KKKK.█...█
█...█.█...█
█(.█u{█...█
█..█KK█...█
█...██....█
█.........█
█..%....K.█
█...[.....█


You could see a brown ugly thing, 2 big kobolds, a worker ant (wandering), a
gnoll and 8 kobolds.

Vanquished Creatures
  A hippogriff (D:7)
  2 yaks (D:8)
  A warg (D:10)
  Duvessa (D:4)
  An orc warrior (D:5)
  2 black bears
  3 phantoms
  An ogre (D:7)
  A necrophage (D:10)
  2 crocodiles (D:8)
  3 bullfrogs
  A wyvern zombie (D:6)
  A gnoll sergeant (D:6)
  Dowan (D:4)
  A water moccasin zombie (D:8)
  3 scorpions
  A centaur zombie (D:7)
  2 crimson imps (D:7)
  A bullfrog zombie (D:5)
  2 hounds
  A jelly (D:6)
  Crazy Yiuf (D:3)
  4 orc priests
  A gnoll shaman (D:4)
  11 orc wizards
  6 worker ants
  A killer bee zombie (D:5)
  A hound skeleton (D:5)
  Robin (D:4)
  A howler monkey skeleton (D:4)
  10 gnolls
  6 adders
  2 shadow imps
  An ooze (D:3)
  2 adder skeletons
  2 worms
  A dart slug (D:4)
  3 leopard geckos
  40 orcs
  7 bats
  7 giant cockroaches
  5 goblins
  9 hobgoblins
  8 jackals
  A quokka (D:2)
  5 frilled lizards
  A jackal skeleton (D:7)
  6 kobolds
  2 leopard gecko zombies
  A quokka skeleton (D:4)
  4 rats
182 creatures vanquished.

Vanquished Creatures (others)
  A giant cockroach zombie (D:6)
  An orc zombie (D:8)
2 creatures vanquished.

Grand Total: 184 creatures vanquished

Notes
Turn   | Place    | Note
-------+----------+-------------------------------------------
     0 | D:1      | nht the Formicid Fighter began the quest for the Orb.
     0 | D:1      | Reached XP level 1. HP: 18/18 MP: 1/1
   115 | D:1      | Reached XP level 2. HP: 22/24 MP: 2/2
   357 | D:2      | Reached skill level 3 in Axes
   471 | D:2      | Reached XP level 3. HP: 29/29 MP: 3/3
   691 | D:2      | Found a hazy altar of Hepliaklqana.
   809 | D:2      | Found a stormy altar of Qazlal.
  1270 | D:3      | Reached skill level 4 in Axes
  1270 | D:3      | Reached XP level 4. HP: 35/35 MP: 4/4
  1292 | D:3      | Found a glowing golden altar of the Shining One.
  1335 | D:3      | Reached skill level 5 in Axes
  1335 | D:3      | Reached XP level 5. HP: 31/41 MP: 5/5
  1419 | D:3      | Found a runed door.
  1485 | D:3      | Found an iron altar of Okawaru.
  1624 | D:3      | Reached XP level 6. HP: 46/47 MP: 6/6
  1872 | D:3      | Noticed Crazy Yiuf
  1880 | D:3      | Killed Crazy Yiuf
  1880 | D:3      | Reached skill level 6 in Axes
  1944 | D:4      | Noticed a phantom
  1965 | D:4      | Killed a phantom
  2021 | D:4      | Noticed Robin
  2029 | D:4      | Reached XP level 7. HP: 46/52 MP: 7/7
  2032 | D:4      | Killed Robin
  2032 | D:4      | Reached skill level 7 in Axes
  2065 | D:4      | Gained mutation: Armour fits poorly on your strangely shaped body. [potion of mutation]
  2065 | D:4      | Gained mutation: You have a beak for a mouth. [potion of mutation]
  2065 | D:4      | Gained mutation: You evolve. [potion of mutation]
  2420 | D:4      | Gained mutation: You passively map a small area around you. [evolution]
  2488 | D:4      | Noticed Dowan
  2489 | D:4      | Noticed Duvessa
  2505 | D:4      | Killed Duvessa
  2505 | D:4      | Reached skill level 8 in Axes
  2508 | D:4      | You fall through a shaft for 3 floors!
  2508 | D:7      | Found a sacrificial altar of Ru.
  2511 | D:7      | Reached XP level 8. HP: 24/58 MP: 8/8
  2517 | D:7      | Found a shadowy altar of Dithmenos.
  2722 | D:7      | Reached skill level 9 in Axes
  3025 | D:7      | Got a pitted falchion
  3083 | D:7      | Noticed a hippogriff
  3097 | D:7      | Killed a hippogriff
  3097 | D:7      | Reached skill level 10 in Axes
  3110 | D:5      | Entered Level 5 of the Dungeon
  3110 | D:5      | Found a staircase to the Ecumenical Temple.
  3113 | Temple   | Entered the Ecumenical Temple
  3253 | Temple   | Became a worshipper of Yredelemnul the Dark
  3334 | D:4      | Killed Dowan
  3334 | D:4      | Reached XP level 9. HP: 42/64 MP: 9/9
  3558 | D:5      | Reached * piety under Yredelemnul
  3563 | D:5      | Reached skill level 11 in Axes
  4278 | D:6      | Reached skill level 1 in Invocations
  4342 | D:6      | Found an opulent altar of Gozag.
  4672 | D:6      | Reached ** piety under Yredelemnul
  4677 | D:6      | Reached skill level 12 in Axes
  4701 | D:6      | Lost mutation: Armour fits poorly on your strangely shaped body. [evolution]
  5229 | D:7      | Found an opulent altar of Gozag.
  5303 | D:7      | Found Hotzax's Distillery.
  5507 | D:8      | Reached XP level 10. HP: 31/70 MP: 11/13
  5616 | D:8      | Found a staircase to the Lair.
  5651 | D:8      | You fall through a shaft for 3 floors!
  5651 | D:11     | Noticed a brown ugly thing
  5679 | D:11     | Noticed nikopol's ghost (journeyman GrBe)
  5684 | D:10     | Entered Level 10 of the Dungeon
  5948 | D:10     | Reached skill level 5 in Invocations
  5960 | D:10     | You fall through a shaft!
  5960 | D:11     | Slain by a gnoll

Vault maps used:
D:1:      dpeg_arrival_fog, corexii_leaking_fountain, serial_park_tiny_pond
D:2:      nicolae_qazlal_eye_of_the_storm, lemuel_round_altar
D:3:      lemuel_round_altar, first_bread, okawaru_altar_gauntlet_db,
          uniq_crazy_yiuf_cottage
D:4:      minmay_divided_ellipse, uniq_robin, uniq_duvessa
D:5:      minmay_temple_entry_large_hall
D:6:      lemuel_round_altar
D:7:      gammafunk_temple_overflow_pools, serial_shops,
          nicolae_shop_statue_plus, minmay_misc_feat_five, grunt_ogre_cave,
          nicolae_gozag_seed_capital
D:8:      old_standard_altar, minmay_lair_entry_grove, serial_bayou_crossing
D:10:     lemuel_castle_with_subvaults, david_orc_3, minmay_misc_feat_tiny,
          minmay_crystal_water, hangedman_abyss_or_decor_stabs, uniq_erolcha
D:11:     minmay_curled_crystal
Temple:   dshaligram_water_room_temple

Skill      XL: |  1  2  3  4  5  6  7  8  9 10 |
---------------+-------------------------------+-----
Axes           | 3 4 5 6 8 10 12 | 12.9
Invocations    | 4 5 |  5.0
Fighting       | |  3.2
Armour         | |  3.2
Shields        | |  3.6

Action                   |  1- 3 |  4- 6 |  7- 9 | 10-12 || total
-------------------------+-------+-------+-------+-------++-------
Melee: War axe           |    83 |   114 |   372 |    29 ||   598
       Peck              |       |       |    74 |     3 ||    77
Invok: Animate Remains   |       |       |    10 |     1 ||    11
 Abil: Shaft Self        |       |       |     1 |     2 ||     3
Evoke: Wand              |       |       |       |    12 ||    12
  Use: Potion            |       |     2 |     7 |     3 ||    12
       Scroll            |       |     8 |     6 |     2 ||    16
 Stab: Sleeping          |       |       |     1 |       ||     1
       Invisible         |       |       |       |     5 ||     5
  Eat: Chunk             |     1 |     2 |    13 |     1 ||    17
       Fruit             |       |       |     2 |     2 ||     4
Armor: Scale mail        |    36 |    52 |    58 |       ||   146
       Ring mail         |       |       |    31 |    19 ||    50
Dodge: Dodged            |    21 |    36 |    76 |    23 ||   156
Block: Shield            |    40 |    61 |   164 |    34 ||   299
